 Dungeon Crawl Stone Soup version 0.29-a0-1019-g84f7d21838 (webtiles) character file.

Game seed: 15326600355081662555

929 hetake2 the Chopper (level 7, -1/61 HPs)
             Began as a Minotaur Fighter on Aug 10, 2022.
             Slain by Pikel
             ... wielding a +0 whip of freezing
              (2 damage)
             ... on level 5 of the Dungeon.
             The game lasted 00:31:02 (5688 turns).

hetake2 the Chopper (Minotaur Fighter)              Turns: 5688, Time: 00:31:03

Health: -1/61      AC:  8    Str: 20 (22) XL:     7   Next: 85%
Magic:  6/6        EV:  7    Int:  2 (5)  God:
Gold:   277        SH:  4    Dex:  7 (10) Spells: 6/6 levels left

rFire   . . .      SeeInvis .   a - +0 war axe
rCold   . . .      Faith    .   c - +0 buckler
rNeg    . . .      Spirit   .   B - +0 chain mail
rPois   .          Reflect  .   (helmet restricted)
rElec   .          Harm     .   (no cloak)
rCorr   .          Rampage  +   (no gloves)
Will    .....                   e - +1 pair of boots {rampage}
Stlth   ..........              y - amulet of the acrobat
HPRegen 0.20/turn               (no ring)
MPRegen 0.10/turn               (no ring)

@: corroded
A: horns 2, retaliatory headbutt
a: no special abilities


You were on level 5 of the Dungeon.
You visited 1 branch of the dungeon, and saw 6 of its levels.
You also visited: Ossuary.

You collected 277 gold pieces.

Inventory:

Hand Weapons
 a - a +0 war axe (weapon)
 g - a +0 club
 A - a +0 shortbow
Missiles
 x - 7 poisoned darts (quivered)
Armour
 b - a +0 scale mail
 c - a +0 buckler (worn)
 e - a +1 pair of boots of rampaging (worn)
 o - an orb of wrath
 B - a +0 chain mail (worn)
Jewellery
 l - a ring of magical power
 w - a ring of ice
 y - an amulet of the acrobat (around neck)
Wands
 v - a wand of mindburst (5)
Scrolls
 f - a scroll of torment {unknown}
 h - a scroll of noise
 m - 2 scrolls of teleportation {unknown}
 n - 2 scrolls of amnesia {unknown}
 p - 3 scrolls of identify {unknown}
 r - a scroll of acquirement {unknown}
 t - 2 scrolls of immolation {unknown}
 C - a scroll of magic mapping {unknown}
 D - a scroll of poison {unknown}
 E - a scroll of enchant armour {unknown}
Potions
 d - a potion of might
 i - a potion of curing
 j - a potion of heal wounds {unknown}
 k - 2 potions of brilliance {unknown}
 q - 2 potions of degeneration
 s - 3 potions of attraction {unknown}
 u - a potion of mutation {unknown}
 z - 2 potions of invisibility {unknown}


   Skills:
 + Level 5.6 Fighting
 + Level 7.9 Axes
 + Level 6.2 Armour
 + Level 1.7 Dodging
 + Level 0.5 Stealth
 + Level 4.7 Shields


You had 6 spell levels left.
You didn't know any spells.
Your spell library contained the following spells:

 Spells                   Type           Power      Damage    Failure   Level
 Necrotise                Necr           0%         1d4       100%        1
 Slow                     Hex            0%         N/A       100%        1
 Sublimation of Blood     Necr           0%         N/A       100%        2
 Confusing Touch          Hex            0%         N/A       100%        3
 Vampiric Draining        Necr           0%         2d6       100%        3
 Anguish                  Hex/Necr       0%         N/A       100%        4
 Animate Dead             Necr           0%         N/A       100%        4


Dungeon Overview and Level Annotations

Branches:
Dungeon (6/15)            Ossuary (visited)
 Temple: D:4-7

Altars:
Cheibriados
Kikubaaqudgha

Shops:
D:1 (   D:2 !

Annotations:
D:5 Dowan, Duvessa, Pikel


Innate Abilities, Weirdness & Mutations

You have a pair of horns on your head.
You reflexively headbutt those who attack you in melee.


Message History

You feel better. The bullfrog hits you. Dowan hits you with a +0 dagger.
You block the jelly's attack. The lemure hits you but does no damage.
Duvessa hits you but does no damage. You block Pikel's attack.
The bullfrog hits you but does no damage.
Unknown command.
Okay, then.
It was a potion of degeneration.
There was something very wrong with that liquid.
You feel weakened.
You feel dopey.
You feel clumsy. You block the lemure's attack. Dowan casts a spell at you.
You resist with some effort. The jelly hits you but does no damage.
Duvessa hits you but does no damage.
The bullfrog hits you but does no damage.
Pikel hits you but does no damage.
You hit Dowan. Your headbutt misses Dowan.
Dowan is severely wounded.
You hit Pikel. You slash the bullfrog! You closely miss the lemure.
You hit the jelly. The acid corrodes you!
Your hands burn!
You barely miss Duvessa. The bullfrog hits you.
Dowan hits you with a +0 dagger. The jelly hits you.
You are splashed with acid!
* * * LOW HITPOINT WARNING * * *
The lemure hits you but does no damage. Duvessa hits you with a +0 rapier.
* * * LOW HITPOINT WARNING * * *
Pikel hits you with a +0 whip of freezing.
* * * LOW HITPOINT WARNING * * *
Pikel freezes you.
* * * LOW HITPOINT WARNING * * *
The bullfrog hits you but does no damage.
As you read the scroll labelled RUR KI PEPN, it crumbles to dust.
You hear a loud clanging noise!
It was a scroll of noise.
You block the lemure's attack. You block Dowan's attack.
The jelly closely misses you. You block the bullfrog's attack.
Duvessa barely misses you. You furiously retaliate!
You headbutt Duvessa, but do no damage.
Pikel hits you with a +0 whip of freezing!
* * * LOW HITPOINT WARNING * * *
Pikel freezes you.
You die...

..##...........##.# #.#
...#...........##.#########.#
...#........................#
..)..[...##.......###########
#'#..............##
#.#..............####
#+#'####............#
...............Fe...#
...............5@K..#
........#####..Je...#
........# ###.......#
####'######.........# #
#......##.........#
###......##.....#####
..'......##.....#
###......##.....#
.......##.......#


You could see Pikel, Duvessa, a lemure, Dowan, a bullfrog and a jelly.

Vanquished Creatures
  Grinder (D:3)
  2 centaurs (D:5)
  A phantom (D:5)
  A scorpion (D:4)
  A jelly (D:5)
  2 orc priests (D:5)
  2 hounds (D:5)
  A gnoll bouda (D:5)
  2 iguanas
  An orc wizard (D:4)
  A mummy (D:5)
  Robin (D:3)
  3 gnolls (D:5)
  6 adders
  3 dart slugs
  13 orcs
  2 bats
  4 endoplasms
  4 giant cockroaches
  11 goblins
  3 hobgoblins
  8 kobolds
  2 quokkas
  4 ball pythons
  8 rats
87 creatures vanquished.

Vanquished Creatures (others)
  A plant (D:3)
1 creature vanquished.

Grand Total: 88 creatures vanquished

Notes
Turn   | Place    | Note
-------+----------+-------------------------------------------
     0 | D:1      | hetake2 the Minotaur Fighter began the quest for the Orb.
     0 | D:1      | Reached XP level 1. HP: 19/19 MP: 0/0
    14 | D:1      | Found Fitux's Weapon Boutique.
   495 | D:1      | Reached XP level 2. HP: 27/27 MP: 1/1
   610 | D:1      | Found a faded altar of an unknown god.
   614 | D:1      | Prayed at the altar of an unknown god.
   614 | D:1      | Became a worshipper of Kikubaaqudgha
   614 | D:1      | Reached * piety under Kikubaaqudgha
   614 | D:1      | Received a gift from Kikubaaqudgha
   617 | D:1      | Fell from the grace of Kikubaaqudgha
  1367 | D:2      | Found Tauliuru's Distillery.
  1389 | D:2      | Reached skill level 3 in Axes
  1502 | D:2      | Reached XP level 3. HP: 33/33 MP: 2/2
  1750 | D:3      | Noticed Robin
  2020 | D:3      | Killed Robin
  2160 | D:3      | Reached XP level 4. HP: 37/40 MP: 3/3
  2357 | D:3      | Reached skill level 4 in Axes
  2539 | D:3      | Noticed Grinder
  2549 | D:3      | Paralysed by Grinder for 2 turns
  2555 | D:3      | Killed Grinder
  2556 | D:3      | Reached skill level 5 in Axes
  2556 | D:3      | Reached skill level 5 in Armour
  2556 | D:3      | Reached skill level 1 in Dodging
  2556 | D:3      | Reached XP level 5. HP: 21/47 MP: 4/4
  2556 | D:3      | Reached XP level 6. HP: 24/53 MP: 5/5
  3777 | D:4      | Reached skill level 5 in Fighting
  3913 | D:5      | Entered Level 5 of the Dungeon
  3967 | D:5      | Found a sand-covered staircase.
  3975 | Ossuary  | Entered an ossuary
  4016 | D:5      | Reached skill level 6 in Axes
  4151 | D:5      | Reached XP level 7. HP: 53/61 MP: 6/6
  4681 | D:5      | Reached skill level 7 in Axes
  5112 | D:5      | Found a snail-covered altar of Cheibriados.
  5674 | D:6      | Noticed Duvessa
  5674 | D:6      | Noticed Dowan
  5675 | D:6      | Noticed Pikel
  5688 | D:5      | HP: 1/61 [Pikel/+0 whip of freezing (8)]
  5688 | D:5      | Slain by Pikel

Illustrated notes

Levels and vault maps discovered:
D:1:      dpeg_arrival_pits, layout_loops_ring, serial_shops, shop,
          shapermc_ecumenical_altar_mp_vishouse, minivault_27, minmay_quantized
D:2:      layout_basic, serial_shops, nicolae_shop_behind_doors,
          hangedman_decor_points
D:3:      layout_loops_ring, serial_bayou_pond_b, uniq_robin, uniq_grinder
D:4:      layout_cave_pods
D:5:      layout_basic, kennysheep_slug_shrine, gup_ossuary_entry_pyramid
D:6:      layout_loops_ring, overflow_temple_1_default,
          cheibrodos_sewer_entry_sluice, minmay_checkerbox, uniq_pikel,
          uniq_duvessa

Skill      XL: |  1  2  3  4  5  6  7 |
---------------+----------------------+-----
Fighting       | 4 5 |  5.6
Armour         | 4 5 6 |  6.2
Shields        | 4 |  4.7
Axes           | 3 5 6 7 |  7.9
Dodging        | 1 |  1.7
Stealth        | |  0.5

Action                   |  1- 3 |  4- 6 |  7- 9 || total
-------------------------+-------+-------+-------++-------
Melee: War axe           |    77 |    83 |    67 ||   227
       Headbutt          |     7 |    18 |    12 ||    37
Invok: Renounce Religion |     1 |       |       ||     1
  Use: Potion            |       |     1 |     2 ||     3
       Scroll            |       |       |     1 ||     1
Armor: Scale mail        |    44 |    26 |     6 ||    76
       Chain mail        |       |       |    44 ||    44
Dodge: Dodged            |    41 |    40 |    22 ||   103
Block: Buckler           |     9 |    17 |    25 ||    51

Table legend: (Time is in decaauts)
 A = Elapsed time spent in this place.
 B = Non-inter-level travel time spent in this place.
 C = Inter-level travel time spent in this place.
 D = Time resting spent in this place.
 E = Time spent auto-exploring this place.
 F = Levels seen in this place.
 G = Mean time per level.
                   A        B        C        D        E       F      G
               +--------+--------+--------+--------+--------+-----+--------+
         Total |   5777 |   5777 |      0 |   1482 |   2075 |   7 |  825.3 |
       Dungeon |   5772 |   5772 |      0 |   1482 |   2075 |   6 |  962.0 |
       Ossuary |      4 |      4 |      0 |      0 |      0 |   1 |    4.0 |
               +--------+--------+--------+--------+--------+-----+--------+

Top non-repeatable levels by time:
     D:5: 1788 daAuts
     D:2: 1042 daAuts
     D:3: 1037 daAuts
     D:1: 977 daAuts
     D:4: 917 daAuts
     D:6: 8 daAuts
 Ossuary: 4 daAuts
